 Dungeon Crawl Stone Soup version 0.17-a0-1900-g45e8110 (webtiles) character file.

7899 Goblin1989 the Basher (level 11, -3/71 HPs)
             Began as a Halfling Hunter on Sept 25, 2015.
             Was a Believer of Okawaru.
             Slain by a komodo dragon (14 damage)
             ... on level 1 of the Lair of Beasts.
             The game lasted 00:51:28 (8642 turns).

Goblin1989 the Basher (Halfling Hunter)             Turns: 8642, Time: 00:51:28

Health: -3/71      AC: 16    Str: 12    XL:     11   Next: 45%
Magic:  11/11      EV: 10    Int: 10    God:    Okawaru [**....]
Gold:   392        SH:  0    Dex: 23    Spells: 0 memorised, 10 levels left

rFire  . . .     SeeInvis +     b - +11 morningstar "Eos" {elec, -Tele rElec SInv}
rCold  . . .     Clarity  .     K - +6 chain mail "Codghel" {*Corrode rN++ Regen+ Dex+4}
rNeg   + + .     SustAt   .     (shield restricted)
rPois  +         Gourm    .     (no helmet)
rElec  +         Spirit   .     g - +0 cloak
rCorr  .         Warding  .     (no gloves)
rMut   .         NoTele   +     (no boots)
MR     .....                    (no amulet)
Stlth  +.........               (no ring)
                                h - ring of poison resistance

@: not resistant to hostile enchantments, very unstealthy
A: mutation resistance 1
a: Heroism, Renounce Religion


You were on level 1 of the Lair of Beasts.
You worshipped Okawaru.
Okawaru was pleased with you.
You were not hungry.

You visited 3 branches of the dungeon, and saw 10 of its levels.
You also visited: Sewer.

You collected 392 gold pieces.

Inventory:

Hand weapons
 a - a +1 hunting sling
 b - the +11 morningstar "Eos" (weapon) {elec, -Tele rElec SInv}
   (You found it on level 5 of the Dungeon)

   Occasionally, upon striking a foe, it will discharge some electrical energy
   and cause terrible harm.
   It insulates you from electricity.
   It lets you see invisible.
   It prevents most forms of teleportation.
 D - a +0 short sword
Missiles
 c - 31 sling bullets
 f - 291 stones (quivered)
 p - 8 exploding sling bullets
Armour
 g - a +0 cloak (worn)
 K - the +6 chain mail "Codghel" (worn) {*Corrode rN++ Regen+ Dex+4}
   (You found it on level 7 of the Dungeon)

   It affects your dexterity (+4).
   It greatly protects you from negative energy.
   It increases your rate of regeneration.
   It may corrode your equipment when you take damage.
Jewellery
 h - a ring of poison resistance (left hand)
 x - an uncursed ring of fire
Magical devices
 E - a wand of lightning (7)
 H - a wand of frost (23)
 I - a wand of teleportation (6)
 L - a wand of lightning (10)
 M - a wand of digging (12)
Scrolls
 j - 4 scrolls of remove curse
 k - 5 scrolls of teleportation {unknown}
 m - 4 scrolls of amnesia {unknown}
 n - 3 scrolls of fog {unknown}
 q - 3 scrolls of enchant armour {unknown}
 s - a scroll of recharging {unknown}
 y - 2 scrolls of enchant weapon {unknown}
 C - a scroll of magic mapping
 F - 2 scrolls of fear {unknown}
 N - 2 scrolls of immolation {unknown}
Potions
 i - 6 potions of curing
 l - a potion of ambrosia
 o - 3 potions of haste
 r - a potion of heal wounds
 t - a potion of magic
 u - 2 potions of agility
 v - a potion of cure mutation {unknown}
 A - a potion of degeneration {unknown}
 B - a potion of might {unknown}
 G - a potion of poison {unknown}
Books
 J - a book of the Sky

   Spells                             Type                      Level
   a - Summon Lightning Spire         Summoning/Air                4
   b - Airstrike                      Air                          4
   c - Silence                        Hexes/Air                    5
   d - Deflect Missiles               Charms/Air                   6
   e - Conjure Ball Lightning         Conjuration/Air              6
   f - Tornado                        Air                          9
Comestibles
 d - a meat ration
 e - 4 bread rations
 w - 3 chunks of flesh
 z - 5 slices of pizza


   Skills:
 - Level 5.0 Fighting
 - Level 10.1 Short Blades
 - Level 10.3 Maces & Flails
 + Level 9.9 Slings
 + Level 4.1 Armour
 - Level 5.0 Dodging
 - Level 5.2 Stealth


You had 10 spell levels left.
You didn't know any spells.

Dungeon Overview and Level Annotations

Branches:
Dungeon (8/15)             Temple (1/1) D:7            Lair (1/8) D:8

Altars:
Ashenzari
Cheibriados
Dithmenos
Elyvilon
Fedhas
Gozag
Kikubaaqudgha
Makhleb
Nemelex Xobeh
Okawaru
Qazlal
Ru
Sif Muna
Trog
Vehumet
Xom
Yredelemnul
Zin
The Shining One

Shops:
D:5 :

Annotations:
D:4 derrpe's ghost, experienced OgWz
D:5 asdu's ghost, experienced OgBe


Innate Abilities, Weirdness & Mutations

You are small and have problems with some larger weapons.
You are somewhat resistant to further mutation.


Message History

A komodo dragon comes into view.
The komodo dragon hisses angrily.
The komodo dragon bites you!
You sock the komodo dragon!
The komodo dragon is moderately wounded.
The komodo dragon bites you!
You puncture the komodo dragon!
There is a sudden explosion of sparks!
The komodo dragon is severely wounded.
The komodo dragon bites you!
You puncture the komodo dragon!
The komodo dragon is almost dead.
The komodo dragon bites you!
You closely miss the komodo dragon.
The komodo dragon is almost dead.
The komodo dragon bites you!
* * * LOW HITPOINT WARNING * * *
Your chain mail "Codghel" prevents you from hitting the komodo dragon.
The komodo dragon is almost dead.
The komodo dragon bites you!
You die...

#.##+##.####................
#.....†.....................
#.#........#.....#.##†#.....
#.............#......#....
#........#....#......#....
#........#....+......#....
♣........#....#......#....
≈≈≈≈≈≈≈≈..............#....
≈≈≈≈P≈≈≈≈..@....#...........
≈≈≈≈≈≈≈≈P..l..!.#......#....
≈≈P≈PP≈P........#.##.###....
≈≈≈≈P≈≈P...................
≈≈≈P≈P....................
≈PP≈.....................
≈≈≈≈........##.###.##...
≈P≈≈P......#### ###.... .
##...


You could see a komodo dragon.

Vanquished Creatures
  Pikel (D:7)
  A black mamba (Lair:1)
  A fire drake (Lair:1)
  A two-headed ogre (D:8)
  Grinder (D:3)
  A hippogriff (Lair:1)
  A hungry ghost (D:8)
  2 water moccasins (Lair:1)
  2 porcupines (Lair:1)
  3 orc warriors
  3 ice beasts
  A sky beast (D:5)
  A black bear (D:8)
  2 ogres
  A crocodile (Lair:1)
  7 centaurs
  3 big kobolds (Sewer)
  9 giant frogs
  A scorpion (D:6)
  5 wights (D:8)
  2 crimson imps
  A giant frog zombie (D:7)
  3 hounds
  A giant frog skeleton (D:6)
  A jelly (D:6)
  5 orc wizards
  2 orc priests
  An iguana (D:8)
  A sheep (Lair:1)
  6 worker ants
  7 gnolls
  7 adders
  A river rat (Lair:1)
  3 oozes (Sewer)
  An adder skeleton (D:4)
  2 worms
  4 giant geckos
  22 orcs
  6 ball pythons
  4 goblins
  14 hobgoblins
  4 jackals (D:1)
  5 bats
  7 giant cockroaches
  A giant gecko skeleton (D:6)
  6 giant newts
  A jackal skeleton (D:4)
  5 kobolds
  2 quokkas
  A quokka skeleton (D:5)
  A quokka zombie (D:5)
  11 rats
185 creatures vanquished.

Notes
Turn   | Place    | Note
--------------------------------------------------------------
     0 | D:1      | Goblin1989 the Halfling Hunter began the quest for the Orb.
     0 | D:1      | Reached XP level 1. HP: 14/14 MP: 1/1
    92 | D:1      | Found a shimmering altar of Xom.
   100 | D:1      | Reached skill level 1 in Short Blades
   213 | D:1      | Reached XP level 2. HP: 8/19 MP: 2/2
   958 | D:1      | Reached XP level 3. HP: 24/24 MP: 3/3
  1520 | D:2      | Reached XP level 4. HP: 29/29 MP: 4/4
  2468 | D:3      | Noticed Grinder
  2476 | D:3      | Killed Grinder
  2476 | D:3      | Reached skill level 6 in Short Blades
  2476 | D:3      | Reached XP level 5. HP: 34/34 MP: 5/5
  2476 | D:3      | Reached XP level 6. HP: 39/39 MP: 6/6
  2512 | D:3      | Found a sacrificial altar of Ru.
  2908 | D:4      | Found a glowing drain.
  3002 | Sewer    | Entered a sewer
  3157 | Sewer    | Reached skill level 7 in Short Blades
  3157 | Sewer    | Reached XP level 7. HP: 41/44 MP: 7/7
  3537 | Sewer    | Reached skill level 8 in Short Blades
  3641 | D:4      | Reached skill level 5 in Stealth
  3648 | D:4      | Noticed derrpe's ghost (experienced OgWz)
  3746 | D:5      | Entered Level 5 of the Dungeon
  4090 | D:5      | Reached skill level 9 in Short Blades
  4090 | D:5      | Reached XP level 8. HP: 49/49 MP: 8/8
  4336 | D:5      | Reached skill level 10 in Short Blades
  4537 | D:5      | Reached skill level 1 in Maces & Flails
  4967 | D:5      | Found Zyfait's Book Boutique.
  5208 | D:5      | Noticed asdu's ghost (experienced OgBe)
  5399 | D:6      | Reached XP level 9. HP: 33/58 MP: 9/9
  6051 | D:6      | Reached skill level 5 in Fighting
  6508 | D:7      | Found a staircase to the Ecumenical Temple.
  6549 | Temple   | Entered the Ecumenical Temple
  6692 | Temple   | Became a worshipper of Warmaster Okawaru
  6777 | Temple   | Reached skill level 10 in Maces & Flails
  6777 | Temple   | Reached XP level 10. HP: 66/66 MP: 10/10
  7114 | D:7      | Noticed Pikel
  7120 | D:7      | Killed Pikel
  7146 | D:7      | Found a sparkling altar of Nemelex Xobeh.
  7251 | D:7      | Found a glowing silver altar of Zin.
  7252 | D:7      | Found an opulent altar of Gozag.
  7452 | D:7      | Got a fine chain mail
  7463 | D:7      | Identified the +6 chain mail "Codghel" {*Corrode rN++ Regen+ Dex+4} (You found it on level 7 of the Dungeon)
  7489 | D:7      | Reached XP level 11. HP: 71/71 MP: 11/11
  7514 | D:7      | Reached skill level 5 in Dodging
  7631 | D:8      | Acquired Okawaru's first power
  7634 | D:8      | Reached skill level 1 in Armour
  8114 | D:8      | Found a staircase to the Lair.
  8346 | Lair:1   | Entered Level 1 of the Lair of Beasts
  8642 | Lair:1   | Slain by a komodo dragon

Vault maps used:
D:1:      minmay_arrival_shattered_statue, minmay_misc_feat_diagonals,
          xom_teletrap_fun
D:3:      first_bread, serial_forest, infiniplex_forest_split,
          infiniplex_forest_lined_3, infiniplex_forest_clump_diagonal,
          infiniplex_forest_end_3, infiniplex_forest_lined_room_2,
          infiniplex_forest_straight_3, nicolae_ru_awakened_eye, uniq_grinder
D:4:      portal_sewer_entry_f
D:5:      serial_shops, kennysheep_mini
D:7:      grunt_temple_overflow_gold_and_silver, nemelex_deck,
          minmay_temple_entry_butterflies, uniq_pikel
D:8:      lair_0_dummy
Temple:   lightli_temple_of_artemis
Lair:1:   st_stairs_3, wad_woods_road_03, serial_bayou_shore_a,
          grunt_megastairs_2
Sewer:    sewer_co_tree

Action                   |  1- 3 |  4- 6 |  7- 9 | 10-12 || total
-------------------------+-------+-------+-------+-------++-------
Melee: Short sword       |    66 |   112 |   127 |       ||   305
       Morningstar       |       |       |   105 |    98 ||   203
 Fire: Hunting sling     |    40 |    77 |   104 |       ||   221
Invok: Heroism           |       |       |       |     1 ||     1
  Use: Scroll            |       |     1 |     9 |     1 ||    11
       Potion            |       |       |     2 |       ||     2
 Stab: Sleeping          |     1 |       |     4 |     3 ||     8
  Eat: Meat ration       |       |     1 |     3 |       ||     4
       Chunk             |       |     1 |     1 |     2 ||     4
       Beef jerky        |       |       |       |     1 ||     1
